 Dungeon Crawl Stone Soup version 0.21.0-3-g78d12a8 (webtiles) character file.

4988 FortyRogue the Covert (level 10, -6/87 HPs)
             Began as a Deep Dwarf Enchanter on Jan 12, 2018.
             Was a Believer of Dithmenos.
             Mangled by a two-headed ogre
             ... wielding a +0 giant club
              (28 damage)
             ... on level 8 of the Dungeon.
             The game lasted 02:03:13 (6966 turns).

FortyRogue the Covert (Deep Dwarf Enchanter)        Turns: 6966, Time: 02:03:15

Health: -6/87      AC:  9    Str: 12    XL:     10   Next: 29%
Magic:  5/5        EV: 21    Int: 17    God:    Dithmenos [**....]
Gold:   387        SH:  0    Dex: 23    Spells: 1/13 levels left

rFire    . . .     SeeInvis .   a - +1 short sword (venom)
rCold    . . .     Gourm    .   (no shield)
rNeg     . . .     Faith    .   l - +0 scale mail
rPois    .         Spirit   .   (no helmet)
rElec    .         Reflect  .   (no cloak)
rCorr    .         Harm     .   h - +0 pair of gloves
MR       +....                  (no boots)
Stlth    +++++.....             (no amulet)
HPRegen  0.00/turn              g - +3 ring of evasion
MPRegen  0.09/turn              r - +3 ring of dexterity

@: agile, non-regenerating, wreathed by umbra
A: damage resistance, heal wounds, sense surroundings 2, no regeneration
a: Heal Wounds, Shadow Step, Renounce Religion


You were on level 8 of the Dungeon.
You worshipped Dithmenos.
Dithmenos was pleased with you.
You were not hungry.

You visited 1 branch of the dungeon, and saw 8 of its levels.
You also visited: Ossuary.

You collected 387 gold pieces.

Inventory:

Hand Weapons
 a - a +1 short sword of venom (weapon)
 b - a +0 arbalest
 v - a +0 vampiric dagger
 A - a +0 rapier
Armour
 h - a +0 pair of gloves (worn)
 l - a +0 scale mail (worn)
Jewellery
 g - a +3 ring of evasion (left hand)
 r - a +3 ring of dexterity (right hand)
Scrolls
 m - 5 scrolls of teleportation
 p - a scroll of remove curse
Potions
 f - a potion of brilliance
 i - 3 potions of magic
 j - 6 potions of curing
 n - a potion of agility
 o - a potion of haste
 q - a potion of degeneration {unknown}
 s - 2 potions of berserk rage {unknown}
 t - a potion of cancellation {unknown}
 w - 4 potions of flight {unknown}
 x - a potion of invisibility {unknown}
 z - a potion of lignification {unknown}
Books
 c - a book of Maledictions

   Spells                             Type                      Level
   a - Corona                         Hexes                        1
   b - Ensorcelled Hibernation        Hexes/Ice                    2
   c - Confuse                        Hexes                        3
   d - Tukima's Dance                 Hexes                        3
   e - Dazzling Spray                 Conjuration/Hexes            3
Comestibles
 d - 19 rations
 k - 2 chunks of flesh


   Skills:
 + Level 4.7 Fighting
 + Level 7.6 Short Blades
 + Level 4.7 Crossbows
 + Level 6.6 Armour
 + Level 6.4 Dodging
 + Level 8.5 Stealth
 + Level 2.4 Spellcasting
 + Level 3.1 Hexes
 + Level 0.9 Invocations


You had one spell level left.
You knew the following spells:

 Your Spells              Type           Power        Failure   Level  Hunger
a - Corona                Hex            ##.....      22%         1    #......
b - Confuse               Hex            ##......     54%         3    ###....
c - Dazzling Spray        Conj/Hex       #.....       77%         3    ###....
d - Ensorcelled Hibernat  Hex/Ice        #.....       54%         2    ##.....
e - Tukima's Dance        Hex            ##......     54%         3    ###....


Dungeon Overview and Level Annotations

Branches:
Dungeon (8/15)             Temple (0/1) D:5
   Lair: D:8-11

Altars:
Ashenzari
Dithmenos
Hepliaklqana
Nemelex Xobeh
Ru
Uskayaw
Zin
The Shining One

Annotations:
D:5 Monsterracer's ghost, novice FoSu


Innate Abilities, Weirdness & Mutations

You are resistant to damage.
You can heal yourself by infusing magical energy.
You passively map the area around you.
You do not regenerate.


Message History

The two-headed ogre is moderately wounded.
Firing (i - inventory):
y - a bolt (quivered)
Press: ? - help, Shift-Dir - straight line, f/p - two-headed ogre
Aim: a two-headed ogre, wielding a giant club and a dire flail (lightly wounded, umbra)
You shoot a bolt.
The bolt barely misses the two-headed ogre.
Your +1 short sword of venom begins to drip with poison!
a - a +1 short sword of venom (weapon)
The two-headed ogre hits you with a giant club!
* * * LOW HITPOINT WARNING * * *
The two-headed ogre barely misses you.
You feel agile all of a sudden. The two-headed ogre closely misses you.
The two-headed ogre barely misses you.
You hit the two-headed ogre but do no damage.
The two-headed ogre is poisoned.
The two-headed ogre is lightly wounded.
Found a sacrificial altar of Ru.
There is an open door here.
The two-headed ogre hits you with a giant club!!
You die...

#.# ##.#...###.#,,,*...*,,* * #.#
#.........#,,,#...*,,* * #.#
###...#####,,.....*,,****** #.#
##.## *##._.#**,,,,,,,, #.#
#.######.....,,*,,,***** #.#
#......#...#,,,*,*,*****
#.########).....#...#,,,*,,,,,,,,
#.......((..##.O'###****+,,,,****
########(.(.....@..# *,,,,,*,**,,
#.#.###.#.### *,,****,**,* #(#.#
#.#.# *,,* *,**,* #(#.# #.#.#
*,,* *,,,,, #)#.#*#.#%#****,,*
****,* #).........,,,,,,* *,*
#..###<....,,,,,,* *,,
*#..#***,#.#******* *,*
*....,**,*,* *,*


You could see a two-headed ogre.

Vanquished Creatures
  The ghost of Nanban the Spear-Bearer, a novice FoFi of Makhleb (D:6)
  Pikel (D:7)
  Joseph (D:8)
  Prince Ribbit (D:7)
  The ghost of newuser the Poker, an amateur OpAK of Lugonu (D:4)
  Grinder (D:5)
  Sigmund (D:4)
  A steam dragon (D:7)
  Menkaure (D:7)
  2 ice beasts
  3 slaves (D:7)
  An orc warrior (D:6)
  4 ogres
  4 centaurs
  3 bullfrogs
  2 water moccasin zombies (Ossuary)
  2 scorpions (D:4)
  3 killer bees (D:7)
  3 wights (D:6)
  A howler monkey (D:8)
  3 crimson imps
  3 hounds
  A quasit (D:7)
  A jelly (D:5)
  3 orc priests
  7 orc wizards
  Natasha (twice) (D:4)
  2 bullfrog skeletons (D:4)
  7 iguanas
  6 worker ants
  A big kobold zombie (Ossuary)
  2 mummies (Ossuary)
  3 gnolls (D:5)
  7 adders
  A shadow imp (D:5)
  An ooze (D:2)
  2 adder zombies (Ossuary)
  3 adder skeletons
  4 worms
  2 dart slugs
  3 leopard geckos
  18 orcs
  2 ball pythons
  9 bats
  7 giant cockroaches
  5 goblins
  10 hobgoblins
  2 jackals (D:7)
  A quokka (D:7)
  5 frilled lizards
  4 gnoll zombies (Ossuary)
  9 hobgoblin zombies (Ossuary)
  8 kobolds
  5 kobold zombies (Ossuary)
  3 orc zombies (Ossuary)
  A quokka skeleton (D:4)
  10 rats
200 creatures vanquished.

Notes
Turn   | Place    | Note
-------+----------+-------------------------------------------
     0 | D:1      | FortyRogue the Deep Dwarf Enchanter began the quest for the Orb.
     0 | D:1      | Reached XP level 1. HP: 15/15 MP: 3/3
   134 | D:1      | Reached XP level 2. HP: 11/22 MP: 1/4
   442 | D:1      | Reached skill level 4 in Stealth
   591 | D:1      | Reached XP level 3. HP: 11/28 MP: 5/5
   596 | D:1      | Learned a level 3 spell: Confuse
   782 | D:1      | Reached skill level 1 in Short Blades
  1236 | D:2      | Reached XP level 4. HP: 12/37 MP: 7/7
  1241 | D:2      | Learned a level 3 spell: Dazzling Spray
  1546 | D:3      | Found a shadowy altar of Dithmenos.
  1546 | D:3      | Found a glowing golden altar of the Shining One.
  1550 | D:3      | Became a worshipper of Dithmenos the Shadowed
  1593 | D:3      | Found a shattered altar of Ashenzari.
  1691 | D:3      | Found a hide-covered altar of Uskayaw.
  1755 | D:3      | Noticed a dagger
  1756 | D:3      | Noticed a dagger
  1925 | D:3      | Reached skill level 1 in Armour
  2005 | D:3      | Found a glowing silver altar of Zin.
  2057 | D:3      | Reached XP level 5. HP: 23/43 MP: 8/8
  2182 | D:4      | Noticed Sigmund
  2316 | D:4      | Found a hazy altar of Hepliaklqana.
  2397 | D:4      | Reached skill level 1 in Fighting
  2450 | D:4      | Killed Sigmund
  2450 | D:4      | Reached skill level 5 in Stealth
  2450 | D:4      | Reached XP level 6. HP: 39/51 MP: 9/9
  2467 | D:4      | Learned a level 2 spell: Ensorcelled Hibernation
  2575 | D:4      | Reached * piety under Dithmenos
  2699 | D:4      | Reached XP level 7. HP: 36/57 MP: 10/10
  2718 | D:4      | Noticed Natasha
  2793 | D:4      | Noticed newuser's ghost (amateur OpAK)
  2833 | D:4      | Killed newuser's ghost
  2919 | D:4      | Killed Natasha
  2992 | D:4      | Noticed Natasha
  3001 | D:4      | Killed Natasha
  3007 | D:5      | Entered Level 5 of the Dungeon
  3146 | D:5      | Reached skill level 5 in Short Blades
  3146 | D:5      | Reached skill level 1 in Crossbows
  3285 | D:5      | Reached XP level 8. HP: 41/67 MP: 11/11
  3286 | D:5      | Found a staircase to the Ecumenical Temple.
  3398 | D:5      | Noticed Monsterracer's ghost (novice FoSu)
  3531 | D:5      | Noticed Grinder
  3553 | D:5      | Killed Grinder
  3653 | D:5      | Reached skill level 6 in Stealth
  4251 | D:6      | Reached ** piety under Dithmenos
  4387 | D:6      | Found a sand-covered staircase.
  4392 | Ossuary  | Entered an ossuary
  4592 | Ossuary  | Reached skill level 5 in Dodging
  4769 | D:6      | Noticed Nanban's ghost (novice FoFi)
  4959 | D:6      | Killed Nanban's ghost
  4959 | D:6      | Reached skill level 5 in Armour
  4959 | D:6      | Gained mutation: You passively map the area around you. [Deep Dwarf growth]
  4959 | D:6      | Reached XP level 9. HP: 17/76 MP: 2/6
  5233 | D:6      | Reached *** piety under Dithmenos
  5615 | D:7      | Found a sparkling altar of Nemelex Xobeh.
  5711 | D:7      | Reached skill level 7 in Stealth
  5860 | D:7      | Noticed Prince Ribbit
  5866 | D:7      | Killed Prince Ribbit
  5942 | D:7      | Noticed Pikel
  6007 | D:7      | Killed Pikel
  6007 | D:7      | Reached skill level 8 in Stealth
  6007 | D:7      | Reached XP level 10. HP: 26/87 MP: 6/6
  6012 | D:7      | Learned a level 3 spell: Tukima's Dance
  6431 | D:7      | Noticed Menkaure
  6436 | D:7      | Killed Menkaure
  6674 | D:7      | HP: 3/87 [something/ball of steam (17)]
  6925 | D:8      | Noticed Joseph
  6941 | D:8      | Killed Joseph
  6951 | D:8      | Noticed a two-headed ogre
  6965 | D:8      | Found a sacrificial altar of Ru.
  6966 | D:8      | Mangled by a two-headed ogre

Skill      XL: |  1  2  3  4  5  6  7  8  9 |
---------------+----------------------------+-----
Stealth        | 4 5 6 8 |  8.5
Short Blades   | 1 2 3 5 6 7 |  7.6
Dodging        | 3 4 5 6 |  6.4
Spellcasting   | 2 |  2.4
Armour         | 1 2 3 5 6 |  6.6
Fighting       | 1 2 3 4 |  4.7
Crossbows      | 1 4 |  4.7
Hexes          | 3 |  3.1
Invocations    | |  0.9

Action                   |  1- 3 |  4- 6 |  7- 9 | 10-12 || total
-------------------------+-------+-------+-------+-------++-------
Melee: Dagger            |    37 |       |       |   127 ||   164
       Short sword       |    92 |   130 |   729 |    90 ||  1041
 Fire: Hand crossbow     |       |     3 |    53 |       ||    56
       Arbalest          |       |       |     9 |     5 ||    14
 Cast: Corona            |    11 |       |     2 |     1 ||    14
       Confuse           |       |       |     3 |       ||     3
       Dazzling Spray    |       |       |     1 |       ||     1
Invok: Shadow Step       |       |       |     3 |     3 ||     6
 Abil: Heal Wounds       |       |     2 |    21 |     5 ||    28
  Use: Scroll            |     2 |     6 |     9 |     2 ||    19
       Potion            |       |     1 |    10 |     2 ||    13
 Stab: Sleeping          |     7 |     6 |    15 |     3 ||    31
       Confused          |       |       |     3 |       ||     3
  Eat: Chunk             |     1 |     5 |     8 |     2 ||    16
       Ration            |       |       |     1 |     2 ||     3
Armor: Robe              |     7 |       |       |       ||     7
       Ring mail         |    26 |    22 |   102 |    12 ||   162
       Scale mail        |       |       |       |     4 ||     4
Dodge: Dodged            |    80 |    64 |   353 |   139 ||   636
